Unix NetHack Version 5.0.0-0 post-release - last build May  4 2026 22:22:43 (774f63e81ad911689b3a0859ea89b322d5daca8d,branch:main).

Game began 2026-05-08 11:21:43, ended 2026-05-08 11:50:08.

08245982402, chaotic female human Rogue

                                                                --------------
   -----                                                        |............|
   |.>:|###                                                     |............|
   |...|  ###----------------               ####################-............|
   --|--    #.....`.........|             ###-----##            |............|
     ###    #|+..............##############---...---            |............|
       #    #|.....*........|      ########|.......|            -----.--------
       ##   #|..............|      ##     --......)--                #
        #   #--|--|----------       ### ##..........|              ###
        #   #################         #`##|.........|              #
        ###   *        ###########B@S####%...}......|     ##########
          #   #               ## #    #  #--.....%.--   --.--------
   -------|---#           -------.--  #  ##|........  ##|.........|
   |.......!.|)           |.*....<.| ##   #---...---   #|.........|
   |.........|#           |.......(.##    ## -----     #|......?..|
   |.........-#           |........|        ############-.........|
   -----------            ----------                    |.........|
                                                        -----------

08245982402 the Cutpurse  St:10 Dx:18 Co:15 In:10 Wi:10 Ch:8  Chaotic
Dlvl:3  $:37 HP:0(39) Pw:16(16) AC:7  Xp:4 T:2011  Hungry  

Latest messages:
 What do you want to drop? [$a-gj-lo-uwxzA or ?*] q
 You drop a statue of a gecko.
 You swap places with your kitten.
 You descend the stairs.
 You see here 19 gold pieces.
 $ - 19 gold pieces (37 in total).
 You swap places with your kitten.
 You stop.  Your kitten is in the way!
 What do you want to drop? [$a-gj-lopr-uwxzA or ?*] d
 You drop an uncursed potion of sickness.
 What do you want to drop? [$a-ce-gj-lopr-uwxzA or ?*] d
 You don't have that object.
 What do you want to drop? [$a-ce-gj-lopr-uwxzA or ?*] <space>
 Never mind.
 You are beginning to feel hungry.
 You hear a door open.
 What do you want to eat? [z or ?*] z
 This carrot is delicious!
 You swap places with your kitten.
 You see here an uncursed potion of sickness.
 You are beginning to feel hungry.
 You climb up the stairs.
 You see here a sling.
 You see here 5 rocks.
 What do you want to eat? [z or ?*] z
 This carrot is delicious!
 The giant bat bites!
 You are beginning to feel hungry.
 You miss the giant bat.
 The giant bat bites!
 The giant bat bites!
 You hit the giant bat.
 The giant bat bites!
 The giant bat bites!
 You hit the giant bat.
 The giant bat just misses!
 The giant bat bites!
 You hit the giant bat.
 The giant bat turns to flee.
 The giant bat bites!
 You miss the giant bat.
 The giant bat bites!
 The giant bat bites!
 The giant bat bites!
 You die...
 Do you want your possessions identified? [ynq] (y) y
 Do you want to see your attributes? [ynq] (y) y
 Do you want an account of creatures vanquished? [ynaq] (y) y
 Do you want to see your conduct and achievements? [ynq] (y) y
 Do you want to see the dungeon overview? [ynq] (y) y

Inventory:
 Coins    ('$')
  $ - 37 gold pieces
 Weapons  (')')
  k - 11 +0 crossbow bolts
  x - a +0 orcish arrow
  b - a +0 dagger (alternate weapon; not wielded)
  u - 12 +0 daggers (at the ready)
  t - a +2 orcish dagger
  a - a +0 short sword (weapon in right hand)
 Armor    ('[')
  r - an uncursed +0 orcish helm
  w - a cursed -1 orcish helm
  c - an uncursed +1 leather armor (being worn)
 Potions  ('!')
  o - an uncursed potion of invisibility
 Rings    ('=')
  l - a cursed -1 ring of adornment
 Tools    ('(')
  f - an empty uncursed sack
  g - an uncursed blindfold
  e - an uncursed lock pick
  p - an uncursed skeleton key
 Gems/Stones  ('*')
  j - an uncursed garnet stone
  s - an uncursed worthless piece of orange glass
  A - an uncursed rock

08245982402 the Rogue's attributes:

Background:
 You were a Cutpurse, a level 4 female human Rogue.
 You were chaotic, nominally on a mission for Kos
 who was opposed by Issek (lawful) and Mog (neutral).
 You were right-handed.
 You were in the Dungeons of Doom, on level 3.
 You entered the dungeon 2011 turns ago.
 You had 101 experience points, 59 more were needed to attain level 5.

Basics:
 You had 0 out of 39 hit points.
 You had all 16 energy points (spell power).
 Your armor class was 7.
 Your wallet contained 37 zorkmids.
 Autopickup was off.

Final Characteristics:
 Your strength was 10 (peak:14, limit:18/100).
 Your dexterity was 18 (limit:18).
 Your constitution was 15 (limit:18).
 Your intelligence was 10 (limit:18).
 Your wisdom was 10 (limit:18).
 Your charisma was 8 (limit:18).

Final Status:
 You were hungry.
 You were unencumbered.
 You were wielding a short sword.
 You had basic skill with short sword.

Final Attributes:
 You were devoutly aligned.
 You were stealthy.
 You were warded.
 You are dead.

Miscellaneous:
 You didn't encounter any bones levels.
 Total elapsed playing time was 28 minutes and 23 seconds.

Major events:
 Turn
    1: 08245982402 the chaotic female human Rogue entered the dungeon
  842: attained the rank of Cutpurse (level 3)
 2011: killed by a giant bat

You didn't know any spells.

Skills:
 Fighting Skills
   bare handed combat [Unskilled]
   two weapon combat  [Unskilled]
   riding             [Unskilled]
 Weapon Skills
   dagger             [Basic]
   knife              [Unskilled]
   short sword        [Basic]
   broadsword         [Unskilled]
   long sword         [Unskilled]
   two-handed sword   [Unskilled]
   saber              [Unskilled]
   club               [Unskilled]
   mace               [Unskilled]
   morning star       [Unskilled]
   flail              [Unskilled]
   hammer             [Unskilled]
   polearms           [Unskilled]
   spear              [Unskilled]
   crossbow           [Unskilled]
   dart               [Unskilled]
   shuriken           [Unskilled]
 Spellcasting Skills
   divination spells  [Unskilled]
   escape spells      [Unskilled]
   matter spells      [Unskilled]

Voluntary challenges:
 Character rerolling was not enabled.
 You were an atheist.
 You were illiterate.
 You never genocided any monsters.
 You never polymorphed an object.
 You never changed form.
 You used no wishes.
Achievement:
 You attained the rank of Cutpurse.

 The Dungeons of Doom: levels 1 to 4
    Level 1:
    Level 2:
    Level 3: <- You were here.
       Final resting place for
          you, killed by a giant bat.
    Level 4:


Vanquished creatures:
  a shrieker
  a floating eye
  a giant bat
  2 acid blobs
  a hobbit
  a green mold
  a gnome zombie
  2 geckos
  9 jackals
  a fox
  2 kobolds
  3 goblins
  2 sewer rats
  a grid bug
  2 lichens
  2 kobold zombies
  4 newts
36 creatures vanquished.

No species were genocided or became extinct.

Game over:
                       ----------
                      /          \
                     /    REST    \
                    /      IN      \
                   /     PEACE      \
                  /                  \
                  |   08245982402    |
                  |      37 Au       |
                  |   killed by a    |
                  |    giant bat     |
                  |                  |
                  |                  |
                  |       2026       |
                 *|     *  *  *      | *
        _________)/\\_//(\/(/\)/\//\/|_)_______

Goodbye 08245982402 the Rogue...

You died in The Dungeons of Doom on dungeon level 3 with 588 points,
and 37 pieces of gold, after 2011 moves.
You were level 4 with a maximum of 39 hit points when you died.

